AoeStats
← CNZS_98T

Arabian Desert

510402916Analyzed
1v1 RM · 23h ago on Sep 30, 2026· 51m 12s· 2 players
Game mode
Random Map
Map size
Tiny (2 player)
Population
200
Speed
Normal
Resources
Standard
Victory
Conquest
Starting age
Dark Age
Ending age
Imperial Age
RankedLock teamsTeams togetherTeam positionsShared explorationLock speedFull tech treeHidden civsTurbo modeCheats
Victory
Defeat
🇦🇷 Saxons · Argentina
2513
+18
🇳🇱 Vietnamese · Netherlands
2549
-18
DS_Biry
6:22 Loom
8:47 Feudal Age
8:55 Man-at-Arms
13:17 Double-Bit Axe
16:30 Fletching
17:17 Padded Archer Armor
24:27 Castle Age
23:16 Horse Collar
24:53 Crossbowman
25:32 Bodkin Arrow
26:05 Bow Saw
33:27 Ballistics
38:02 Scale Mail Armor
38:43 Wheelbarrow
40:15 Chain Mail Armor
41:51 Hand Cart
46:36 Arson
46:52 Squires
47:22 Gambesons
47:50 Gold Mining
47:51 Stone Mining
47:49 Pikeman
50:58 Heavy Plow
CNZS_98T
8:48 Feudal Age
9:29 Double-Bit Axe
9:56 Loom
10:40 Horse Collar
13:35 Fletching
13:51 Town Watch
15:04 Padded Archer Armor
20:57 Wheelbarrow
24:48 Castle Age
23:39 Gold Mining
24:08 Bloodlines
25:24 Scale Barding Armor
25:39 Bodkin Arrow
26:18 Crossbowman
31:04 Bow Saw
30:59 Heavy Plow
35:06 Husbandry
42:09 Forging
42:50 Ballistics
42:46 Light Cavalry
Connection lost

Rejoining the realm…

Still unreachable

The connection could not be restored.

Session expired

The server has moved on; the page needs a fresh start.